 Dungeon Crawl Stone Soup version 0.28-a0-1447-ga5a8893891 (webtiles) character file.

Game seed: 3533548085822495438

22 ytrimaz the Insei (level 2, -2/18 HPs)
             Began as an Octopode Transmuter on Jan 10, 2022.
             Slain by a gnoll (14 damage)
             ... on level 2 of the Dungeon.
             The game lasted 00:00:45 (1170 turns).

ytrimaz the Insei (Octopode Transmuter)             Turns: 1170, Time: 00:00:45

Health: -2/18      AC:  1    Str:  9    XL:     2   Next: 91%
Magic:  5/5        EV: 13    Int: 15    God:
Gold:   25         SH:  0    Dex: 12    Spells: 2/5 levels left

rFire   . . .      SeeInvis .     - Unarmed
rCold   . . .      Faith    .   (no shield)
rNeg    . . .      Spirit   .   (helmet currently unavailable)
rPois   .          Reflect  .   (no amulet)
rElec   .          Harm     .   (no ring)
rCorr   .          Rampage  .   (no ring)
Will    .....                   (no ring)
Stlth   ++........              (no ring)
HPRegen 0.06/turn               (no ring)
MPRegen 0.09/turn               (no ring)
                                (no ring)
                                (no ring)

@: appendages (expiring)
A: tentacle spike 3, almost no armour, amphibious, 8 rings, camouflage 1,
gelatinous body 1, (nimble swimmer 1), tentacles
a: End Transformation


You were on level 2 of the Dungeon.
One of your tentacles had grown a beastly spike.
You visited 1 branch of the dungeon, and saw 2 of its levels.

You collected 25 gold pieces.

Inventory:

Scrolls
 d - a scroll of magic mapping
Potions
 a - a potion of brilliance {unknown}
 c - 2 potions of curing {unknown}


   Skills:
 * Level 1.3 Fighting
 * Level 2.2 Dodging
 + Level 3.3 Unarmed Combat
 * Level 2.2 Spellcasting
 * Level 2.2 Transmutations


You had 2 spell levels left.
You knew the following spells:

 Your Spells              Type           Power      Damage    Failure   Level
a - Beastly Appendage     Tmut           16%        N/A       9%          1
b - Wereblood             Tmut           8%         N/A       13%         2

Your spell library contained the following spells:

 Spells                   Type           Power      Damage    Failure   Level
 Spider Form              Tmut/Pois      5%         N/A       38%         3
 Ice Form                 Ice/Tmut       5%         N/A       80%         4


Dungeon Overview and Level Annotations

Branches:
Dungeon (2/15)

Altars:


Innate Abilities, Weirdness & Mutations

One of your tentacles has grown a beastly spike.
You cannot wear most types of armour.
You are amphibious.
You can wear up to eight rings at the same time.
Your skin changes colour to match your surroundings (Stealth+).
Your rubbery body absorbs attacks. (AC +1, EV +1)
((You are camouflaged when in or above water. (Stealth+)))
You have tentacles for arms and can constrict up to eight enemies at once.


Message History

One of your tentacles grows a vicious spike.
The endoplasm quivers.
A goblin comes into view. It is wielding a +0 club.
You tentacle-slap the endoplasm but do no damage.
The endoplasm freezes you.
You are frozen.
You tentacle-slap the endoplasm but do no damage.
The goblin shouts!
You completely miss the endoplasm.
You pierce the endoplasm.
The endoplasm is severely wounded.
The endoplasm freezes you.
You are frozen.
You tentacle-slap the endoplasm. Your squeeze misses the endoplasm.
The endoplasm is almost dead.
The endoplasm hits you.
Unknown command.
You tentacle-slap the endoplasm.
You kill the endoplasm!
Your transformation is almost over.
A gnoll comes into view. It is wielding a +0 flail.
Found a stone staircase leading down.
You closely miss the goblin. Your grab misses the goblin.
Your tentacle-slap misses the goblin.
You squeeze the goblin.
The goblin is moderately wounded.
The goblin closely misses you.
You tentacle-slap the goblin.
You kill the goblin!
A gnoll comes into view. It is wielding a +0 spear.
Found a robe.
You see here a +0 club.
The gnoll completely misses you.
You closely miss the gnoll.
The gnoll shouts!
You grab the gnoll.
You pierce the gnoll.
You squeeze the gnoll.
The gnoll is moderately wounded.
You constrict the gnoll.
You hear a shout!
The gnoll hits you with a +0 flail!
Ouch! That really hurt!
You die...

...^..####.. ..
#..........
...#....[....
...##.#.....#
..>.#.......##
......##.....# ######
...........#.##......
.[......)...........#
.#.g..@........###.#
......g....##.#####.####
......###............>..
#.#... #..###...........
# ##. #.## #....##.###
## .. ###.##..#...#.
..................
####.####..###. #.#
##.##


You could see 2 gnolls.

Vanquished Creatures
  3 ball pythons (D:1)
  5 endoplasms
  2 giant cockroaches (D:1)
  2 goblins
  2 hobgoblins (D:1)
  A kobold (D:1)
  2 frilled lizards (D:1)
  2 rats (D:1)
19 creatures vanquished.

Notes
Turn   | Place    | Note
-------+----------+-------------------------------------------
     0 | D:1      | ytrimaz the Octopode Transmuter began the quest for the
                  | Orb.
     0 | D:1      | Reached XP level 1. HP: 13/13 MP: 3/3
   316 | D:1      | Reached XP level 2. HP: 16/18 MP: 3/5
   357 | D:1      | Learned a level 2 spell: Wereblood
  1170 | D:2      | Slain by a gnoll

Illustrated notes

Levels and vault maps discovered:
D:1:      dpeg_arrival_round_c, layout_basic, st_stairs_12
D:2:      layout_rooms, basic_ecumenical_altar

Action                   || total
-------------------------++-------
Melee: Unarmed           ||    41
       Constrict         ||     9
       Tentacles         ||    10
       Kick              ||     8
       Punch             ||     1
 Cast: Beastly Appendage ||    11
  Use: Scroll            ||     1
 Stab: Sleeping          ||     6
Armor: Skin              ||     3
Dodge: Dodged            ||    18

Table legend: (Time is in decaauts)
 A = Elapsed time spent in this place.
 B = Non-inter-level travel time spent in this place.
 C = Inter-level travel time spent in this place.
 D = Time resting spent in this place.
 E = Time spent auto-exploring this place.
 F = Levels seen in this place.
 G = Mean time per level.
                   A        B        C        D        E       F      G
               +--------+--------+--------+--------+--------+-----+--------+
         Total |   1167 |   1164 |      3 |      0 |   1003 |   2 |  583.5 |
       Dungeon |   1167 |   1164 |      3 |      0 |   1003 |   2 |  583.5 |
               +--------+--------+--------+--------+--------+-----+--------+

Top non-repeatable levels by time:
     D:1: 1130 daAuts
     D:2: 37 daAuts
